 Seeded DCSS version 0.30.1 (webtiles) character file.

Game seed: 6351066067085065685 (custom seed)

12602 Esekla the Thaumaturge (level 11, -18/94 HPs)
             Began as a Deep Elf Necromancer on July 10, 2023.
             Was a High Priest of Vehumet.
             Demolished by a centaur warrior simulacrum (25 damage)
             ... on level 11 of the Dungeon on July 11, 2023.
             The game lasted 01:46:59 (11912 turns).

Esekla the Thaumaturge (Deep Elf Necromancer)      Turns: 11912, Time: 01:47:00

Health: -18/94     AC: 25    Str:  5    XL:     11   Next: 64%
Magic:  39/39      EV:  2    Int: 25    God:    Vehumet [*****.]
Gold:   690        SH:  5    Dex: 15    Spells: 24/36 levels left

rFire   . . .        a - +5 scimitar
rCold   . . .        G - +0 buckler
rNeg    . . .        N - melded +1 robe {Will+}
rPois   +            n - melded +1 helmet
rElec   .            J - melded +0 cloak
rCorr   .            l - melded +0 pair of gloves
SInv    .            (boots currently unavailable)
Will    +....        A - amulet of magic regeneration
Stlth   +++          P - ring of magical power
HPRegen 0.35/turn    (no ring)
MPRegen 0.66/turn

%: no passive effects
@: tree-form, studying Fighting
A: stationary, stasis, torment immunity, boosted hp
a: Renounce Religion


You were on level 11 of the Dungeon.
You worshipped Vehumet.
Vehumet was extremely pleased with you.
You were a tree.
You visited 1 branch of the dungeon, and saw 11 of its levels.
You also visited: Bailey.

You collected 690 gold pieces.

Inventory:

Hand Weapons
 a - a +5 scimitar (weapon)
 j - a +5 long sword
 r - a +4 trident of venom
 s - a +2 vampiric dagger
 v - a +2 rapier of venom
 U - a +0 dagger of holy wrath
 V - a +1 dagger of electrocution
Missiles
 u - 29 poisoned darts (quivered)
 H - 6 throwing nets
 L - 5 curare-tipped darts
 M - 4 boomerangs
Armour
 l - a +0 pair of gloves (melded)
 n - a +1 helmet (melded)
 G - a +0 buckler (worn)
 J - a +0 cloak (melded)
 N - a +1 robe of willpower (melded)
 S - a +0 troll leather armour
Jewellery
 A - an amulet of magic regeneration (around neck)
 P - a ring of magical power (left branch)
 X - an amulet of reflection
Wands
 i - a wand of roots (14)
 C - a wand of flame (3)
 I - a wand of mindburst (6)
 W - a wand of charming (6)
Scrolls
 c - 2 scrolls of torment {unknown}
 d - 5 scrolls of blinking
 e - 4 scrolls of fear
 f - 2 scrolls of poison {unknown}
 h - a scroll of immolation {unknown}
 o - 4 scrolls of enchant weapon {unknown}
 p - a scroll of amnesia
 q - a scroll of enchant armour
 w - 2 scrolls of silence
 x - a scroll of fog
 y - a scroll of summoning {unknown}
 z - a scroll of magic mapping
 E - 3 scrolls of teleportation
 Q - 2 scrolls of acquirement
 R - a scroll of vulnerability {unknown}
 T - a scroll of identify
Potions
 b - a potion of magic
 g - 3 potions of haste
 k - 6 potions of attraction
 m - 2 potions of mutation {unknown}
 t - 3 potions of brilliance {unknown}
 D - 2 potions of ambrosia
 F - 8 potions of curing
 O - a potion of cancellation {unknown}
 Y - a potion of degeneration {unknown}


   Skills:
 * Level 5.1 Fighting
 + Level 3.8(4.4) Short Blades
 + Level 2.9(3.7) Long Blades
 + Level 2.7 Throwing
 * Level 1.6 Armour
 * Level 8.5 Dodging
 + Level 5.6 Stealth
 - Level 3.4 Shields
 * Level 13.1 Spellcasting
 * Level 2.0 Conjurations
 + Level 3.4 Hexes
 + Level 10.3 Necromancy
 + Level 4.8 Translocations
 + Level 4.3 Ice Magic
 + Level 1.0 Evocations


You had 24 spell levels left.
You knew the following spells:

 Your Spells              Type           Power      Damage    Failure   Level
a - Dazzling Flash        Conj/Hex       60%        N/A       1%          3
d - Vampiric Draining     Necr           62%        2d10      1%          3
r - Frozen Ramparts       Ice            76%        1d12      1%          3
t - Teleport Other        Tloc           40%        N/A       2%          3

Your spell library contained the following spells:

 Spells                   Type           Power      Damage    Failure   Level
 Starburst                Conj/Fire      10%        6d5       80%         6
 Necrotise                Necr           100%       1d9       1%          1
 Lesser Beckoning         Tloc           80%        N/A       1%          2
 Animate Dead             Necr           62%        N/A       1%          4
 Gell's Gravitas          Tloc           40%        N/A       2%          3
 Agony                    Necr           62%        N/A       2%          5
 Cause Fear               Hex            16%        N/A       14%         4
 Spider Form              Tmut/Pois      16%        N/A       19%         3
 Summon Mana Viper        Hex/Summ       25%        N/A       63%         5


Dungeon Overview and Level Annotations

Branches:
Dungeon (11/15)            Temple (0/1) D:6             Orc (0/2) D:10
 Bailey (visited)
   Lair: D:8-11

Altars:
Dithmenos
Fedhas
Hepliaklqana
Nemelex Xobeh
Okawaru
Qazlal
Ru
Trog
Uskayaw
Vehumet
Zin
The Shining One

Shops:
D:2 =   D:4 (

Annotations:
D:7 quasit
D:8 3 transporters
D:10 gargoyle
D:11 Lodul


Message History

Level annotation: Lodul A sourceless malevolence fills the Dungeon... and a teleportation trap spontaneously manifests!
You are yanked towards a nearby monster!
Your surroundings suddenly seem different.
A centaur warrior simulacrum comes into view.
Aiming: Throw Flame
Press: ? - help, Shift-Dir - straight line, f - centaur warrior simulacrum
Aim: a centaur warrior simulacrum (97% to hit)
The puff of flame hits the centaur warrior simulacrum but does no damage.
Aiming: Throw Flame
Press: ? - help, Shift-Dir - straight line, f/p - centaur warrior simulacrum
Aim: a centaur warrior simulacrum (97% to hit)
The puff of flame hits the centaur warrior simulacrum!
The centaur warrior simulacrum melts!
The centaur warrior simulacrum is moderately damaged.
The centaur warrior simulacrum closely misses you.
The centaur warrior simulacrum kicks you.
The centaur warrior simulacrum freezes you!!
Aiming: Throw Flame
Press: ? - help, Shift-Dir - straight line, f/p - centaur warrior simulacrum
Aim: a centaur warrior simulacrum (moderately damaged, 97% to hit)
The puff of flame hits the centaur warrior simulacrum.
The centaur warrior simulacrum melts!
The centaur warrior simulacrum is heavily damaged.
The centaur warrior simulacrum hits you!
The centaur warrior simulacrum freezes you!!
* * * LOW HITPOINT WARNING * * *
The centaur warrior simulacrum misses you.
Really quaff the potion of lignification?
You turn into a tree.
Your +0 cloak melds into your body.
Your +1 helmet melds into your body.
Your +0 pair of gloves melds into your body.
Your +1 robe of willpower melds into your body.
You feel less strong-willed.
Your roots penetrate the ground.
The centaur warrior simulacrum hits you but does no damage.
You block the centaur warrior simulacrum's attack.
The centaur warrior simulacrum hits you.
* * * LOW HITPOINT WARNING * * *
The centaur warrior simulacrum freezes you!!
You die...

### ##.##
##...##
#..§§§#
#..#..Z♣§#
........§§#
....##....#
##. ##.###
###


You could see a centaur warrior simulacrum.

Vanquished Creatures
  Harold (D:9)
  2 two-headed ogres
  Pikel (D:6)
  2 orc knights (Bailey)
  2 cyclopes (D:9)
  Joseph (D:7)
  A kobold demonologist (D:9)
  3 trolls (D:10)
  9 yaks
  2 steam dragons
  2 wyverns
  Menkaure (D:7)
  An ice beast (D:6)
  A sky beast (D:6)
  9 orc warriors
  2 black bears
  2 ogres
  2 centaurs
  3 wolves
  A phantom (D:7)
  Blork the orc (D:6)
  4 kobold brigands
  4 gnoll sergeants
  2 bullfrogs
  2 scorpions (D:5)
  10 wights
  19 killer bees
  2 howler monkeys (D:10)
  2 quasits (D:7)
  2 gnoll boudas
  6 hounds
  A jelly (D:6)
  Crazy Yiuf (D:7)
  7 orc priests
  A sleepcap (D:5)
  5 iguanas
  10 orc wizards
  29 gnolls
  8 adders
  3 shadow imps
  6 white imps
  4 ufetubi
  A worm (D:4)
  3 dart slugs
  55 orcs
  6 ball pythons
  4 endoplasms
  9 goblins
  7 hobgoblins
  A quokka (D:1)
  4 bats
  4 frilled lizards
  21 kobolds
  A rat (D:2)
293 creatures vanquished.

Notes
Turn   | Place    | Note
-------+----------+-------------------------------------------
     0 | D:1      | Esekla the Deep Elf Necromancer began the quest for the
                  | Orb.
     0 | D:1      | Reached XP level 1. HP: 10/10 MP: 6/6
    88 | D:1      | Reached skill level 5 in Necromancy
   259 | D:3      | You fall into a shaft and drop 2 floors!
   259 | D:5      | Entered Level 5 of the Dungeon
   262 | D:5      | Noticed an iguana
   280 | D:4      | Found a radiant altar of Vehumet.
   284 | D:4      | Became a worshipper of Vehumet
   300 | D:4      | Found an iron altar of Okawaru.
   511 | D:2      | Found Renulab's Jewellery Shop.
   568 | D:2      | Reached XP level 2. HP: 11/15 MP: 8/8
   705 | D:3      | Identified the +5 rapier of the Hero {heavy, rN+ Dex+3}
   881 | D:4      | Found a glowing silver altar of Zin.
  1038 | D:4      | Found Ponaysk's Antique Weapon Boutique.
  1240 | D:3      | Reached XP level 3. HP: 19/19 MP: 9/9
  1244 | D:3      | Learned a level 3 spell: Vampiric Draining
  1563 | D:3      | Found a stormy altar of Qazlal.
  1568 | D:3      | Found a bloodstained altar of Trog.
  1580 | D:3      | Found a hazy altar of Hepliaklqana.
  1590 | D:3      | Reached XP level 4. HP: 24/24 MP: 11/11
  1863 | D:1      | Reached skill level 1 in Short Blades
  2020 | D:2      | Noticed a black bear
  2220 | D:2      | Found a faded altar of an unknown god.
  2236 | D:2      | Reached skill level 4 in Spellcasting
  2258 | D:2      | Reached XP level 5. HP: 26/28 MP: 9/13
  2286 | D:2      | Killed a black bear
  2607 | D:4      | Found a glowing golden altar of the Shining One.
  2800 | D:4      | Reached XP level 6. HP: 32/32 MP: 10/14
  2839 | D:4      | Reached skill level 1 in Translocations
  2963 | D:4      | Reached * piety under Vehumet
  2963 | D:4      | Offered knowledge of Foxfire by Vehumet.
  2969 | D:4      | Learned a level 3 spell: Teleport Other
  3391 | D:5      | Got the Parchment of the Lumpy Olives
  3441 | D:5      | Found a shadowy altar of Dithmenos.
  3471 | D:5      | Reached skill level 5 in Spellcasting
  3516 | D:5      | Reached skill level 1 in Throwing
  3568 | D:5      | Reached XP level 7. HP: 11/36 MP: 17/17
  4038 | D:5      | Reached skill level 6 in Spellcasting
  4294 | D:6      | Reached skill level 5 in Stealth
  4294 | D:6      | Reached XP level 8. HP: 30/41 MP: 15/19
  4343 | D:6      | Noticed Pikel
  4357 | D:6      | Killed Pikel
  4358 | D:6      | Reached skill level 5 in Dodging
  4358 | D:6      | Reached skill level 7 in Spellcasting
  4487 | D:6      | Found a staircase to the Ecumenical Temple.
  4731 | D:6      | Offered knowledge of Momentum Strike by Vehumet.
  4905 | D:6      | Reached ** piety under Vehumet
  4916 | D:6      | Reached skill level 8 in Spellcasting
  4965 | D:6      | Found a blossoming altar of Fedhas.
  5064 | D:6      | Noticed Blork the orc
  5098 | D:6      | Killed Blork the orc
  5328 | D:7      | Reached XP level 9. HP: 42/45 MP: 14/23
  5383 | D:7      | Noticed Menkaure
  5668 | D:7      | Noticed Joseph
  5690 | D:7      | Killed Joseph
  5691 | D:7      | Reached skill level 1 in Shields
  5691 | D:7      | Reached skill level 9 in Spellcasting
  5797 | D:7      | HP: 2/45 [ogre/+0 giant club (28)]
  6000 | D:7      | Killed Menkaure
  6174 | D:7      | Found a runed translucent door.
  6175 | D:7      | Noticed Crazy Yiuf
  6182 | D:7      | Killed Crazy Yiuf
  6302 | D:7      | Reached skill level 10 in Spellcasting
  6807 | D:8      | Reached skill level 1 in Long Blades
  6809 | D:8      | Offered knowledge of Frozen Ramparts by Vehumet.
  6814 | D:8      | Learned a level 3 spell: Frozen Ramparts
  7059 | D:7      | Reached *** piety under Vehumet
  7138 | D:8      | Reached skill level 1 in Ice Magic
  7239 | D:8      | Found a hide-covered altar of Uskayaw.
  7301 | D:8      | Noticed a two-headed ogre
  7328 | D:8      | Killed a two-headed ogre
  7329 | D:8      | Reached skill level 11 in Spellcasting
  7329 | D:8      | Reached XP level 10. HP: 50/50 MP: 25/27
  7530 | D:8      | Found a transporter.
  7530 | D:8      | Found a transporter.
  7534 | D:8      | Found a transporter.
  7534 | D:8      | Found a transporter.
  7943 | D:9      | Found a flagged portal.
  8073 | Bailey   | Entered a bailey
  8099 | Bailey   | Offered knowledge of Dazzling Flash by Vehumet.
  8528 | Bailey   | Identified the +2 bardiche of Puhoisos {heavy, rElec
                  | Stlth+}
  8530 | Bailey   | Noticed an orc knight
  8530 | Bailey   | Noticed an orc knight
  8692 | Bailey   | Killed an orc knight
  8715 | Bailey   | Killed an orc knight
  8716 | Bailey   | Reached skill level 1 in Fighting
  8738 | Bailey   | Learned a level 3 spell: Dazzling Flash
  8852 | D:9      | Noticed Harold
  8869 | D:9      | Killed Harold
  8870 | D:9      | Reached skill level 12 in Spellcasting
  8886 | D:9      | Reached **** piety under Vehumet
  9036 | D:9      | Noticed a two-headed ogre
  9057 | D:9      | Killed a two-headed ogre
  9100 | D:9      | Found a sparkling altar of Nemelex Xobeh.
  9127 | D:9      | Offered knowledge of Hailstorm by Vehumet.
  9176 | D:9      | Reached XP level 11. HP: 39/60 MP: 12/29
  9439 | D:9      | Reached skill level 10 in Necromancy
  9479 | D:9      | Reached skill level 1 in Evocations
 10223 | D:10     | Entered Level 10 of the Dungeon
 10272 | D:10     | Reached skill level 1 in Hexes
 10482 | D:10     | Found a staircase to the Orcish Mines.
 10602 | D:10     | Found a sacrificial altar of Ru.
 10661 | D:10     | Reached skill level 1 in Conjurations
 10687 | D:10     | Reached ***** piety under Vehumet
 10695 | D:10     | Reached skill level 5 in Fighting
 11034 | D:10     | Offered knowledge of Starburst by Vehumet.
 11174 | D:9      | Reached skill level 13 in Spellcasting
 11345 | D:10     | Reached skill level 1 in Armour
 11799 | D:11     | Noticed Lodul
 11912 | D:11     | Demolished by a centaur warrior simulacrum

Illustrated notes

Levels and vault maps discovered:
D:1:      sevenhm_arrival_forest_fort_small_3, layout_rooms,
          chequers_serial_rivers_room_b, minmay_misc_feat_five
D:2:      layout_loops_ring, dreamdust_ecumenical_altar_angels_and_demons,
          serial_shops, shop
D:3:      layout_basic, grunt_temple_overflow_open, minmay_misc_feat_iff
D:4:      layout_basic, nicolae_overflow_quartered_altars, serial_shops,
          nicolae_diamond_shop
D:5:      layout_loops_ring, lemuel_doored_altar, minmay_misc_feat_rows,
          dreamdust_wishing_well
D:6:      layout_loops_cross, fedhas_altar_fruit_tree,
          minmay_temple_entry_glass, uniq_pikel, uniq_blork_the_orc
D:7:      layout_basic, uniq_menkaure, uniq_joseph, uniq_crazy_yiuf_cottage
D:8:      layout_basic, nicolae_uskayaw_dance_hall, serial_demonic,
          serial_demonic_d, serial_demonic_a, serial_demonic_c,
          serial_demonic_c, nicolae_diode_quadrants
D:9:      layout_irregular_city, kennysheep_little_box, enter_bailey_4,
          minmay_between, uniq_harold
D:10:     layout_basic, nicolae_ru_awakened_eye
D:11:     layout_rooms, hellmonk_lair_entry_icy, serial_ice, serial_ice_j,
          serial_ice_m, serial_ice_o, serial_ice_c, serial_ice_g, serial_ice_f,
          guppyfry_shop_earth, uniq_psyche, uniq_lodul

Skill      XL: |  1  2  3  4  5  6  7  8  9 10 11 |
---------------+----------------------------------+-----
Necromancy     | 5 6 7 8 9 10 | 10.3
Dodging        | 3 4 5 7 8 |  8.5
Stealth        | 3 4 5 |  5.6
Short Blades   | 1 2 3 |  3.8
Spellcasting   | 4 5 6 8 11 12 13 | 13.1
Translocations | 1 2 3 4 |  4.8
Throwing       | 1 2 |  2.7
Shields        | 2 3 |  3.4
Long Blades    | 1 2 |  2.9
Ice Magic      | 1 3 4 |  4.3
Fighting       | 3 5 |  5.1
Evocations     | 1 |  1.0
Hexes          | 3 |  3.4
Conjurations   | 2 |  2.0
Armour         | 1 |  1.6

Action                     |  1- 3 |  4- 6 |  7- 9 | 10-12 || total
---------------------------+-------+-------+-------+-------++-------
  Melee: Short sword       |    13 |       |       |       ||    13
         Dagger            |    21 |       |       |     4 ||    25
         Unarmed           |     6 |       |       |       ||     6
         Punch             |     2 |     1 |     4 |       ||     7
         Rapier            |    21 |    78 |    98 |       ||   197
         Scimitar          |       |       |   116 |   146 ||   262
  Throw: Dart              |       |    24 |    19 |    47 ||    90
         Boomerang         |       |       |       |     7 ||     7
   Cast: Vampiric Draining |       |    14 |    76 |    89 ||   179
         Frozen Ramparts   |       |       |     2 |    34 ||    36
         Teleport Other    |       |       |     2 |     6 ||     8
         Dazzling Flash    |       |       |       |     4 ||     4
  Evoke: Wand              |       |       |    12 |    17 ||    29
    Use: Potion            |     1 |       |       |     6 ||     7
         Scroll            |       |       |     9 |     5 ||    14
   Stab: Sleeping          |     5 |     6 |     7 |     3 ||    21
         Distracted        |       |     1 |       |       ||     1
 Armour: Robe              |     8 |    17 |    85 |    53 ||   163
         Skin              |       |       |       |     6 ||     6
  Dodge: Dodged            |    35 |    53 |   363 |   253 ||   704
  Block: Buckler           |       |       |       |    68 ||    68
